 Dungeon Crawl Stone Soup version 0.30-a0-390-g80c34de65d (webtiles) character file.

Game seed: 1918929537911791364

3 Bnni the Shield-Bearer (level 1, 0/18 HPs)
             Began as a Formicid Fighter on Dec 4, 2022.
             Slain by a jackal (3 damage)
             ... on level 1 of the Dungeon.
             The game lasted 00:01:16 (58 turns).

Bnni the Shield-Bearer (Formicid Fighter)             Turns: 58, Time: 00:01:17

Health: 0/18       AC:  6    Str: 20    XL:     1   Next: 55%
Magic:  1/1        EV:  9    Int:  7    God:
Gold:   10         SH:  5    Dex: 13    Spells: 0/0 levels left

rFire   . . .      SeeInvis +    a - +0 trident
rCold   . . .      Faith    .    c - +0 buckler
rNeg    . . .      Spirit   .    b - +0 scale mail
rPois   .          Reflect  .    (helmet unavailable)
rElec   .          Harm     .    (no cloak)
rCorr   .          Rampage  .    (no gloves)
Will    .....                    (no boots)
Stlth   ..........               (no amulet)
HPRegen 0.23/turn                (no ring)
MPRegen 0.07/turn                (no ring)

@: no status effects
A: permanent stasis, dig shafts and tunnels, antennae 3, four strong arms
a: Dig, Shaft Self


You were on level 1 of the Dungeon.
You visited 1 branch of the dungeon, and saw 1 of its levels.

You collected 10 gold pieces.

Inventory:

Hand Weapons
 a - a +0 trident (weapon)
Armour
 b - a +0 scale mail (worn)
 c - a +0 buckler (worn)
Potions
 d - a potion of might


   Skills:
 + Level 3.3 Fighting
 * Level 2.1 Polearms
 - Level 3.2 Armour
 * Level 4.1 Shields


You couldn't memorise any spells.
You didn't know any spells.
Your spell library was empty.

Dungeon Overview and Level Annotations

Branches:
Dungeon (1/15)

Altars:


Innate Abilities, Weirdness & Mutations

You cannot be hasted, slowed, berserked, paralysed or teleported.
You can dig through walls and to a lower floor.
You have a pair of large antennae on your head. (SInv)
Your four strong arms can wield two-handed weapons with a shield.


Message History

You kill the jackal!
The gnoll hits you from afar with a +0 spear. x2
You are too injured to fight recklessly!
You are too injured to fight recklessly!
Press: ? - help, v - describe, . - travel
Here: a gnoll, wielding a +0 spear The floor.
There are monsters nearby!
Unknown command.
Unknown command.
Unknown command.
Unknown command.
Unknown command.
Press: ? - help, v - describe, . - travel
Here: a gnoll, wielding a +0 spear The floor.
Press: ? - help, v - describe, . - travel
Here: a gnoll, wielding a +0 spear The floor.
Unknown command.
Reach: a) +0 trident
Press: ? - help, Dir - move target, f/p - gnoll
Aim: a gnoll, wielding a +0 spear (about 39% to evade your +0 trident)
You reach to attack!
You barely miss the gnoll. The gnoll closely misses you.
Unknown command.
Reach: a) +0 trident
Press: ? - help, Dir - move target, f/p - gnoll
Aim: a gnoll, wielding a +0 spear (about 39% to evade your +0 trident)
You reach to attack!
You hit the gnoll.
The gnoll is moderately wounded.
The gnoll hits you from afar with a +0 spear.
* * * LOW HITPOINT WARNING * * *
You block the jackal's attack.
A rat comes into view.
The jackal attacks as you move away! The jackal barely misses you.
The jackal bites you but does no damage.
You hit the jackal.
The jackal is almost dead.
The jackal barely misses you. The jackal bites you.
You die...

#.### #.# #.# # #.##
#.### #..# #....#
##.# #.....# #.#
.......###########.#
......Shh@.........#
.:....g#############
....... ....{#.
..#r##. #... .. #..
## #.


You could see a gnoll, 2 jackals and a ball python.

Vanquished Creatures
  A jackal (D:1)
  A frilled lizard (D:1)
  2 rats (D:1)
4 creatures vanquished.

Notes
Turn   | Place    | Note
-------+----------+-------------------------------------------
     0 | D:1      | Bnni the Formicid Fighter began the quest for the Orb.
     0 | D:1      | Reached XP level 1. HP: 18/18 MP: 1/1
    58 | D:1      | Slain by a jackal

Illustrated notes

Levels and vault maps discovered:
D:1:      dpeg_arrival_water_altar, layout_loops_ring,
          ebering_ecumenical_altar_webs

Action                   || total
-------------------------++-------
Melee: Trident           ||    11
Armor: Scale mail        ||     2
Dodge: Dodged            ||     5
Block: Buckler           ||     3

Table legend: (Time is in decaauts)
 A = Elapsed time spent in this place.
 B = Non-inter-level travel time spent in this place.
 C = Inter-level travel time spent in this place.
 D = Time resting spent in this place.
 E = Time spent auto-exploring this place.
 F = Levels seen in this place.
 G = Mean time per level.
                   A        B        C        D        E       F      G
               +--------+--------+--------+--------+--------+-----+--------+
         Total |     60 |     60 |      0 |      0 |     35 |   1 |   60.0 |
       Dungeon |     60 |     60 |      0 |      0 |     35 |   1 |   60.0 |
               +--------+--------+--------+--------+--------+-----+--------+

Top non-repeatable levels by time:
     D:1: 60 daAuts
